Map: Cerulean Fall LE

Players

Piroxiljin - Winner!

  • Race: Terran Terran
  • Spawn Location: 1:00

A.I. 1 (Hard)

  • Race: Terran Terran
  • Spawn Location: 7:00

VOD

Have the link to the VOD?

Description

Time

  • Played on: Jan. 19, 2019, 12:17 a.m.
  • Length: 12:14
Show
View Real Time Build Order
Export as new Build Order

Piroxiljin Terran - Winner!

Build Orders: Mech 

Get SALT Encoding   

  12  0:01  SCV  
  13  0:13  SCV  
  14  0:19  Supply Depot  
  14  0:25  SCV  
  15  0:34  Refinery  
  15  0:41  SCV  
  16  0:48  Barracks  
  16  0:56  SCV  
  17  1:10  SCV  
  18  1:16  Supply Depot  
  18  1:25  SCV, Refinery  
  19  1:36  Barracks Tech Lab  
  19  1:53  Supply Depot  
  19  1:56  SCV  
  19  2:00  Marauder  
  22  2:11  Factory  
  22  2:14  SCV  
  23  2:28  Marauder  
  25  3:10  Siege Tank  
  28  3:13  Barracks Reactor  
  28  3:19  Barracks Tech Lab  
  28  3:31  Command Center  
  28  3:38  SCV  
  29  3:49  Siege Tank  
  34  3:55  Marauder  
  34  3:57  Concussive Shells  
  34  4:05  Factory  
  34  4:17  Mag-Field Accelerator  
  34  4:25  Cyclone  
  34  4:27  Marauder  
  34  4:29  Orbital Command  
  39  5:13  SCV, Supply Depot  
  40  5:14  Refinery  
  40  5:19  SCV  
  41  5:24  Cyclone  
  41  5:26  Siege Tank  
  41  5:28  Barracks Tech Lab  
  47  5:38  SCV  
  48  5:48  Refinery  
  48  5:50  SCV  
  48  5:55  Engineering Bay  
  48  5:56  SCV  
  50  5:59  Cyclone  
  50  6:02  SCV  
  54  6:06  Marine  
  54  6:08  Cyclone  
  58  6:11  Infernal Pre-Igniter  
  58  6:15  SCV  
  59  6:18  Orbital Command  
  59  6:31  Terran Infantry Weapons Level 1  
  59  6:36  Marine  
  60  6:43  Widow Mine  
  62  7:00  Supply Depot  
  62  7:22  Armory, Widow Mine  
  64  7:29  Factory  
  64  7:34  Combat Shield  
  65  7:37  SCV  
  65  7:38  SCV  
  66  8:03  Widow Mine  
  68  8:06  Widow Mine  
  70  8:26  Factory Tech Lab  
  70  8:37  Starport  
  70  8:45  Supply Depot  
  70  9:07  SCV, Reaper  
  72  9:10  Siege Tank x2  
  78  9:20  Supply Depot  
  78  9:22  Supply Depot  
  78  9:25  Supply Depot x2  
  78  9:30  SCV  
  78  9:31  SCV  
  77  9:42  Thor  
  77  9:43  SCV, Hellbat  
  83  10:08  Siege Tank  
  86  10:25  Siege Tank  
  83  10:40  Siege Tank  
  86  10:43  Drilling Claws  
  86  10:46  Siege Tank  
  86  10:48  Starport Tech Lab  
  89  10:57  Siege Tank  
  92  11:12  Siege Tank  
Show
View Real Time Build Order
Export as new Build Order

A.I. 1 (Hard) Terran 

Build Orders:  

Get SALT Encoding   

  12  0:00  SCV  
  13  0:13  SCV  
  14  0:19  Supply Depot  
  14  0:25  SCV  
  15  0:40  SCV  
  16  0:45  Barracks  
  16  0:50  Refinery  
  16  0:53  SCV  
  17  1:05  SCV  
  18  1:17  SCV  
  19  1:22  Supply Depot  
  19  1:29  SCV  
  20  1:32  Marine  
  21  1:42  Orbital Command  
  21  1:52  Barracks Tech Lab, Barracks  
  21  2:02  Supply Depot  
  21  2:10  Marine  
  23  2:22  SCV  
  23  2:28  Marine  
  24  2:31  Refinery  
  24  2:35  SCV  
  25  2:38  Supply Depot, Marine  
  26  2:46  Marauder  
  26  2:47  SCV, Engineering Bay  
  29  2:56  Marine  
  30  2:59  SCV  
  31  3:07  Marauder  
  31  3:11  SCV  
  34  3:23  SCV  
  35  3:29  Marauder  
  37  4:15  Barracks Tech Lab  
  37  4:16  Stimpack, Marine  
  37  4:17  Factory  
  38  4:19  Missile Turret  
  38  4:20  Terran Infantry Weapons Level 1, Supply Depot  
  38  4:23  Missile Turret  
  38  4:33  Combat Shield  
  38  4:44  Bunker  
  38  4:54  Marine  
  37  5:00  Factory Tech Lab  
  37  5:02  Factory  
  37  5:04  Marine  
  38  5:15  Barracks  
  38  5:18  Siege Tank  
  41  5:35  Command Center  
  41  5:46  Factory Tech Lab  
  41  5:50  Cyclone  
  41  5:52  Concussive Shells  
  44  6:05  Siege Tank  
  47  6:14  Terran Infantry Armor Level 1  
  47  6:24  Starport  
  47  6:25  Supply Depot  
  47  6:47  SCV  
  47  6:49  SCV  
  49  6:57  Refinery  
  49  7:00  SCV  
  50  7:01  SCV  
  50  7:06  Missile Turret  
  50  7:07  Starport Tech Lab  
  51  7:09  Missile Turret  
  51  7:11  Refinery  
  51  7:12  SCV  
  51  7:13  SCV  
  53  7:24  SCV  
  53  7:25  Raven, SCV  
  57  7:30  Bunker  
  57  7:36  SCV  
  58  7:37  SCV  
  58  7:39  Sensor Tower  
  59  7:48  SCV  
  59  7:49  SCV  
  61  7:51  Armory  
  61  7:53  Barracks Reactor  
  61  8:00  SCV  
  61  8:02  SCV  
  63  8:08  Raven  
  63  8:12  SCV  
  66  8:13  Widow Mine  
  66  8:17  Starport  
  66  8:18  Supply Depot  
  68  8:39  Marine  
  69  8:42  Supply Depot  
  69  8:47  Marine  
  65  8:50  Medivac  
  65  8:53  Starport Tech Lab  
  65  8:54  Marine  
  54  9:01  Marine  
  55  9:08  Marine  
  56  9:10  Medivac  
  56  9:16  Marine, Command Center  
  59  9:20  Medivac  
  59  9:23  Marauder  
  63  9:30  Marine  
  58  9:35  Hellion  
  54  9:39  Hellion  
  54  9:40  Raven  
  50  9:50  Marauder, Viking  
  43  9:55  SCV  
  43  9:56  Hellion  
  41  10:00  Hellion  
  41  10:04  Marine  
  39  10:07  SCV  
  39  10:11  Marauder  
  40  10:18  Marine  
  40  10:19  SCV  
  40  10:20  Raven  
  44  10:22  Hellion  
  44  10:26  Marauder  
  48  10:29  Viking  
  48  10:31  SCV  
  38  10:36  Marine  
  27  10:43  Marine  
  25  10:51  Marine  
  25  10:53  SCV  
  27  10:58  Hellion  
  27  10:59  Viking  
  25  11:05  Marine  
  21  11:13  Widow Mine  
  21  11:19  Marine  
  14  11:30  SCV  
  9  11:42  SCV  
  9  11:44  SCV  
  7  11:54  SCV  
  7  11:56  SCV  
Tags
 
Composition
Mech
Matchup
TvT
Race
Terran
Spawn Locations
Cross Positions
Add a new tag
Caveats
  • Supply blocks, unpowered buildings, or Contaminate may cause inaccurate times.
  • Supply counts are checked every 10 seconds.